 Dungeon Crawl Stone Soup version 0.21-a0-529-g8c7b3f5 (webtiles) character file.

109 KristoblXynda the Ducker (level 4, -3/36 HPs)
             Began as a Barachi Monk on Dec 10, 2017.
             Killed by divine providence
             ... invoked by an orc priest
              (15 damage)
             ... on level 3 of the Dungeon.
             The game lasted 00:03:50 (2469 turns).

KristoblXynda the Ducker (Barachi Monk)             Turns: 2469, Time: 00:03:50

Health: -3/36      AC:  7    Str: 12    XL:     4   Next: 90%
Magic:  4/4        EV: 11    Int: 12    God:
Gold:   46         SH:  0    Dex: 14    Spells: 3/3 levels left

rFire    . . .     SeeInvis .   a - +0 hand axe
rCold    . . .     Gourm    .   (no shield)
rNeg     . . .     Faith    .   h - +0 scale mail
rPois    .         Spirit   .   e - +1 hat
rElec    .         Reflect  .   (no cloak)
rCorr    .         Harm     .   (no gloves)
MR       .....                  (no boots)
Stlth    +.........             (no amulet)
HPRegen  0.12/turn              (no ring)
MPRegen  0.09/turn              (no ring)

@: can't hop, slow
A: +LOS, swims, slowness 1, strong legs 1
a: Hop


You were on level 3 of the Dungeon.
You were not hungry.

You visited 1 branch of the dungeon, and saw 3 of its levels.

You collected 46 gold pieces.

Inventory:

Hand Weapons
 a - a +0 hand axe (weapon)
Armour
 e - a +1 hat (worn)
 h - a +0 scale mail (worn)
Jewellery
 n - an uncursed ring of protection from magic {unknown}
Wands
 b - a wand of iceblast (4)
Scrolls
 f - a scroll of enchant armour {unknown}
 g - 2 scrolls of teleportation
 j - a scroll of fog {unknown}
 k - a scroll of identify {unknown}
 l - a scroll of remove curse {unknown}
 o - a scroll of noise {unknown}
Potions
 m - a potion of resistance {unknown}
 p - a potion of heal wounds {unknown}
 q - a potion of might {unknown}
 s - a potion of curing {unknown}
Books
 r - a book of Changes

   Spells                             Type                      Level
   a - Beastly Appendage              Transmutation                1
   b - Sticks to Snakes               Transmutation                2
   c - Spider Form                    Transmutation/Poison         3
   d - Ice Form                       Ice/Transmutation            4
   e - Blade Hands                    Transmutation                5
Comestibles
 c - 3 bread rations
 d - 7 fruits
 i - 5 royal jellies


   Skills:
 - Level 3.6 Fighting
 + Level 4.3 Axes
 + Level 2.8 Armour
 + Level 4.3 Dodging
 - Level 1.7 Stealth


You had 3 spell levels left.
You didn't know any spells.

Dungeon Overview and Level Annotations

Branches:
Dungeon (3/15)

Altars:
Ru
Trog
Uskayaw


Innate Abilities, Weirdness & Mutations

Shadows flee at your approach. (+LOS)
You can swim through water.
You cover ground slowly.
You can hop short distances.


Message History

You hear a shout! x2
You hear a bark!
The orc priest moves out of view.
A jackal comes into view.
Hop to where?
Press: ? - help, Dir - move target cursor Boing!
A jackal comes into view.
The jackal barks! x2
A jackal comes into view.
The jackal barks!
The jackal barely misses you. The jackal closely misses you.
The jackal bites you.
Found 20 arrows. 2 orcs come into view.
There is an escape hatch in the ceiling here.
The jackal bites you but does no damage. x2
The orc priest invokes the aid of Beogh against you.
Beogh smites you!
You die...

##..##.####.####### ..
#..###.###.)...>..# ....
###.####.##..######.#
....o.###......#.##.##
#.## .......o..g....#....#
#..# .....o##o...........#
##.## ...< ##....o.#....#
#... .. #....hh#....# ####
#..og.@#....#### #
...o....h#.......########
.........#....##.........
#.........################
#.........# ........##
#.....#. ...(.... ..[....#


You could see an orc priest, 4 orcs, 3 jackals, a hobgoblin and a goblin.

Vanquished Creatures
  An orc priest (D:3)
  An adder (D:2)
  4 worms
  2 leopard geckos
  4 orcs (D:3)
  6 bats
  3 giant cockroaches
  4 goblins
  9 hobgoblins
  4 jackals (D:2)
  A quokka (D:2)
  A frilled lizard (D:1)
  4 kobolds
  8 rats
52 creatures vanquished.

Notes
Turn   | Place    | Note
-------+----------+-------------------------------------------
     0 | D:1      | KristoblXynda the Barachi Monk began the quest for the Orb.
     0 | D:1      | Reached XP level 1. HP: 18/18 MP: 1/1
   102 | D:1      | Reached skill level 1 in Armour
   102 | D:1      | Reached XP level 2. HP: 11/24 MP: 2/2
   980 | D:2      | Reached XP level 3. HP: 29/29 MP: 3/3
  1066 | D:2      | Found a sacrificial altar of Ru.
  1424 | D:2      | Found a hide-covered altar of Uskayaw.
  1556 | D:2      | Reached XP level 4. HP: 34/36 MP: 4/4
  1647 | D:2      | Found a bloodstained altar of Trog.
  2469 | D:3      | Killed from afar by an orc priest

Vault maps used:
D:1:      doesnt_arrival_eight_statues, minmay_tetromino_s4
D:2:      lemuel_crystal_altar, lightli_temple_of_fire, first_bread,
          minmay_misc_feat_enclosed, nicolae_ru_awakened_eye
D:3:      makhleb_altar_promises_db, uniq_jessica

Skill      XL: |  1  2  3 |
---------------+----------+-----
Armour         | 1 2 |  2.8
Dodging        | 4 |  4.3
Axes           | 4 |  4.3
Fighting       | |  3.6
Stealth        | |  1.7

Action                   |  1- 3 |  4- 6 || total
-------------------------+-------+-------++-------
Melee: Hand axe          |   146 |    67 ||   213
 Abil: Hop               |       |     1 ||     1
  Use: Scroll            |       |     1 ||     1
 Stab: Sleeping          |     2 |       ||     2
  Eat: Chunk             |     2 |     3 ||     5
       Fruit             |       |     1 ||     1
Armor: Robe              |     7 |       ||     7
       Scale mail        |    57 |    30 ||    87
Dodge: Dodged            |   100 |    27 ||   127

Table legend:
 A = Spawn XP
 B = Non-spawn XP
 C = Spawn XP percentage of total XP
 D = Spawn monster count
 E = Non-spawn monster count
 F = Spawn count percentage of total count
 G = Total turns spent on level
                    A         B        C        D         E        F      G
               +---------+---------+-------+---------+---------+-------+---------
         Total |       0 |     157 |   0.0 |       0 |      52 |   0.0 |  2469
               +---------+---------+-------+---------+---------+-------+---------
           D:1 |       0 |      32 |   0.0 |       0 |      19 |   0.0 |   957
           D:2 |       0 |      59 |   0.0 |       0 |      24 |   0.0 |   887
           D:3 |       0 |      66 |   0.0 |       0 |       9 |   0.0 |   625
               +---------+---------+-------+---------+---------+-------+---------
